Map: Echo of the past

Players

llllllllllll - Winner!

  • Race: Protoss Protoss
  • League: Diamond

RuffRiderz

  • Race: Terran Terran
  • League: Platinum

VOD

Have the link to the VOD?

Description

Time

  • Played on: Aug. 28, 2016, 12:33 p.m.
  • Length: 8:16
Show
View Real Time Build Order
Export as new Build Order

llllllllllll Protoss - Winner!

Build Orders: Oracle Opening 

Get SALT Encoding   

  12  0:02  Probe (Chrono Boost)  
  13  0:13  Probe (Chrono Boost)  
  14  0:19  Pylon  
  14  0:23  Probe (Chrono Boost)  
  15  0:38  Probe (Chrono Boost)  
  16  0:43  Gateway  
  16  0:49  Assimilator  
  16  0:51  Probe (Chrono Boost)  
  16  0:53  Assimilator  
  17  1:02  Probe (Chrono Boost)  
  18  1:12  Probe (Chrono Boost)  
  19  1:23  Probe (Chrono Boost)  
  20  1:32  Cybernetics Core  
  20  1:33  Probe (Chrono Boost)  
  21  1:44  Probe (Chrono Boost)  
  22  1:50  Pylon  
  22  1:54  Probe (Chrono Boost)  
  22  1:57  Pylon  
  23  2:09  Stalker  
  25  2:31  Pylon  
  25  2:32  Mothership Core (Chrono Boost)  
  25  2:35  Stargate  
  27  2:39  Stalker  
  29  2:52  Gateway  
  29  2:53  Gateway  
  29  2:55  Gateway  
  29  3:08  Stalker  
  31  3:19  Oracle  
  34  3:31  Pylon  
  34  3:40  Stalker x2  
  38  3:49  Stalker  
  40  3:57  Pylon  
  40  4:10  Stalker  
  42  4:17  Stalker  
  42  4:19  Stalker  
  46  4:40  Stalker  
  48  4:47  Stalker  
  49  5:00  Pylon  
  49  5:02  Pylon  
  49  5:05  Pylon  
  47  5:08  Pylon  
  45  5:15  Stalker  
  45  5:16  Stalker  
  38  5:53  Stalker  
  38  5:54  Stalker x2  
  40  6:23  Stalker  
  40  6:24  Stalker x2  
  38  6:53  Stalker x2  
  38  6:54  Stalker  
  42  7:23  Stalker x2  
  42  7:24  Stalker  
  52  7:49  Nexus  
  54  8:00  Pylon  
Show
View Real Time Build Order
Export as new Build Order

RuffRiderz Terran 

Build Orders:  

Get SALT Encoding   

  12  0:01  SCV  
  13  0:13  SCV  
  14  0:17  Supply Depot  
  14  0:28  SCV  
  14  0:32  Refinery  
  15  0:41  Barracks  
  15  0:49  SCV  
  16  1:01  Supply Depot  
  16  1:04  SCV  
  17  1:16  SCV, Barracks  
  18  1:31  Refinery  
  18  1:36  Reaper  
  19  1:44  SCV  
  20  1:56  SCV  
  21  2:05  Reaper  
  21  2:08  Reaper  
  23  2:15  Orbital Command  
  23  2:21  Barracks  
  23  2:37  Reaper  
  23  2:40  Reaper  
  25  2:53  Factory  
  25  2:57  Command Center  
  25  3:02  Engineering Bay  
  25  3:19  Marine x2  
  26  3:33  Bunker  
  26  3:40  SCV  
  27  3:42  Missile Turret  
  27  3:52  SCV  
  28  3:56  Missile Turret  
  28  4:23  Barracks Tech Lab  
  28  4:29  Barracks Tech Lab  
  28  4:31  Starport  
  28  4:32  Factory Tech Lab  
  28  4:47  Marauder  
  28  4:48  Marauder  
  32  4:54  Siege Tank  
  32  4:59  Liberator  
  31  5:28  Marine x2  
  33  5:40  Siege Tank  
  21  6:06  Marine  
  22  6:12  Siege Tank  
  23  6:24  Marine  
  8  7:03  SCV  
  5  7:13  Siege Tank  
  8  7:15  SCV  
  6  7:32  SCV  
  7  7:43  Marine  
  8  7:44  SCV  
  8  7:56  SCV  
Tags
 
Add a new tag
Caveats
  • Supply blocks, unpowered buildings, or Contaminate may cause inaccurate times.
  • Supply counts are checked every 10 seconds.